 Dungeon Crawl Stone Soup version 0.31-a0-965-g8a8ce12e04 (webtiles) character file.

Game seed: 1550864580915518401

801 Maxmaps the Covert (level 7, -3/49 HPs)
             Began as an Octopode Monk on Oct 26, 2023.
             Slain by an ice beast (7 damage)
             ... on level 6 of the Dungeon.
             The game lasted 00:07:34 (4924 turns).

Maxmaps the Covert (Octopode Monk)                  Turns: 4924, Time: 00:07:35

Health: -3/49      AC:  1    Str: 10    XL:     7   Next: 90%
Magic:  7/7        EV: 14    Int: 15    God:
Gold:   273        SH:  0    Dex: 14    Spells: 6/6 levels left

rFire   . .          .
                       - Unarmed
rCold   + . .        (no shield)
rNeg    . . .        (helmet restricted)
rPois   .            k - amulet of the acrobat
rElec   .            c - ring of protection from cold
rCorr   .            (no ring)
SInv    .            (no ring)
Will    .....        (no ring)
Stlth   +++++        (no ring)
HPRegen 0.28/turn    (no ring)
MPRegen 0.10/turn    (no ring)
                     (no ring)

%: acrobat, clarity
@: no status effects
A: almost no armour, amphibious, 8 rings, camouflage 1, gelatinous body 1,
(nimble swimmer 1), tentacles, antennae 1, clarity, screaming 1
a: no special abilities


You were on level 6 of the Dungeon.
You visited 1 branch of the dungeon, and saw 6 of its levels.
You also visited: Ossuary.

You collected 273 gold pieces.

Inventory:

Hand Weapons
 m - a +0 club
Armour
 b - an orb of light
Jewellery
 c - a ring of protection from cold (left tentacle)
 e - an amulet of guardian spirit
 k - an amulet of the acrobat (around mantle)
 l - the ring "Isopihe" {rC+ Str+6 Int+7 Slay-5}
   (You found it on level 3 of the Dungeon)

   [ring of strength]

   Str+6:     It affects your strength (+6).
   Int+7:     It affects your intelligence (+7).
   Slay-5:    It affects your accuracy & damage with ranged weapons and melee
   (-5).
   rC+:       It protects you from cold.
Scrolls
 d - a scroll of identify
 f - a scroll of poison
 h - 2 scrolls of teleportation
 o - a scroll of amnesia
 p - a scroll of silence
Potions
 a - a potion of ambrosia
 g - 2 potions of heal wounds
 n - a potion of might
 q - a potion of curing


   Skills:
 + Level 4.6 Fighting
 - Level 4.1 Dodging
 - Level 8.2 Stealth
 - Level 5.1 Unarmed Combat


You had 6 spell levels left.
You didn't know any spells.
Your spell library was empty.

Dungeon Overview and Level Annotations

Branches:
Dungeon (6/15)            Ossuary (visited)
 Temple: D:4-7

Altars:
Hepliaklqana
Uskayaw


Innate Abilities, Weirdness & Mutations

You cannot wear most types of armour.
You are amphibious.
You can wear up to eight rings at the same time.
Your skin changes colour to match your surroundings (Stealth+).
Your rubbery body absorbs attacks. (AC +1, EV +1)
((You are camouflaged when in or above water. (Stealth+)))
You have tentacles for arms and can constrict up to eight enemies at once.
You have a pair of small antennae on your head.
You possess an exceptional clarity of mind.
You occasionally shout uncontrollably at your foes.


Message History

The ice beast hits you. The ice beast freezes you. You resist.
You tentacle-slap the ice beast but do no damage.
You squeeze the ice beast.
The ice beast is heavily wounded.
The ice beast hits you. The ice beast freezes you. You resist.
You tentacle-slap the ice beast but do no damage.
You squeeze the ice beast, but do no damage.
The ice beast is heavily wounded.
The ice beast closely misses you.
You tentacle-slap the ice beast but do no damage.
Your squeeze misses the ice beast.
The ice beast is heavily wounded.
The ice beast hits you. The ice beast freezes you. You resist.
Okay, then.
You tentacle-slap the ice beast but do no damage.
You tentacle-slap the ice beast. Your squeeze misses the ice beast.
The ice beast is severely wounded.
The ice beast hits you. The ice beast freezes you. You resist.
You tentacle-slap the ice beast. You squeeze the ice beast.
The ice beast is almost dead.
The ice beast barely misses you.
You closely miss the ice beast. Your squeeze misses the ice beast.
The ice beast is almost dead.
The ice beast misses you.
You tentacle-slap the ice beast but do no damage.
You tentacle-slap the ice beast, but do no damage.
The ice beast is almost dead.
The ice beast hits you.
* * * LOW HITPOINT WARNING * * *
The ice beast freezes you. You resist.
* * * LOW HITPOINT WARNING * * *
You tentacle-slap the ice beast.
The ice beast is almost dead.
The ice beast misses you.
You tentacle-slap the ice beast. You squeeze the ice beast.
The ice beast is almost dead.
The ice beast hits you.
* * * LOW HITPOINT WARNING * * *
The ice beast freezes you! You resist.
You die...

..(. ....###+######
.............##
...)...........
........... .......
#Y..###+#####
####.@.#........
#......#........
#......#........
#......'........
+......#........
#......#........
########........
#...............
######...............


You could see an ice beast.

Vanquished Creatures
  2 elf zombies (Ossuary)
  Blork the orc (D:4)
  A scorpion (D:5)
  A howler monkey (D:5)
  2 orc priests (D:5)
  5 centaur zombies (Ossuary)
  A hound (D:5)
  A sleepcap (D:5)
  3 mummies (Ossuary)
  A hound zombie (Ossuary)
  6 adders
  2 white imps
  An adder zombie (Ossuary)
  A worm (D:2)
  2 dart slugs
  4 orcs
  6 endoplasms
  3 giant cockroaches
  8 goblins
  9 hobgoblins
  6 jackals
  6 ball pythons
  5 bats
  2 frilled lizards (D:3)
  3 gnoll zombies (Ossuary)
  3 goblin zombies (Ossuary)
  7 hobgoblin zombies (Ossuary)
  5 jackal zombies (Ossuary)
  4 kobolds
  3 kobold zombies (Ossuary)
  An orc zombie (Ossuary)
  2 quokka zombies (Ossuary)
  2 rats
  2 rat zombies (Ossuary)
111 creatures vanquished.

Notes
Turn   | Place    | Note
-------+----------+-------------------------------------------
     0 | D:1      | Maxmaps the Octopode Monk began the quest for the Orb.
     0 | D:1      | Reached XP level 1. HP: 16/16 MP: 1/1
   175 | D:1      | Reached skill level 1 in Stealth
   187 | D:1      | Reached skill level 2 in Stealth
   219 | D:1      | Reached XP level 2. HP: 21/21 MP: 2/2
   386 | D:1      | Reached skill level 3 in Stealth
  1023 | D:2      | Reached XP level 3. HP: 26/26 MP: 3/3
  1060 | D:2      | Reached skill level 4 in Stealth
  1618 | D:2      | Reached skill level 5 in Stealth
  1618 | D:2      | Reached XP level 4. HP: 31/31 MP: 4/4
  2041 | D:3      | Reached skill level 6 in Stealth
  2099 | D:3      | Identified the ring "Isopihe" {rC+ Str+6 Int+7 Slay-5}
  2227 | D:3      | Found a hazy altar of Hepliaklqana.
  2444 | D:4      | Reached XP level 5. HP: 32/36 MP: 5/5
  2736 | D:4      | Noticed Blork the orc
  2746 | D:4      | Killed Blork the orc
  2747 | D:4      | Reached skill level 7 in Stealth
  3073 | D:5      | Entered Level 5 of the Dungeon
  3081 | D:5      | Found a sand-covered staircase.
  3135 | D:5      | Found a hide-covered altar of Uskayaw.
  3160 | Ossuary  | Entered an ossuary
  3199 | Ossuary  | Reached skill level 8 in Stealth
  3199 | Ossuary  | Reached XP level 6. HP: 24/42 MP: 6/6
  3707 | Ossuary  | Reached XP level 7. HP: 10/48 MP: 7/7
  4128 | D:5      | Gained mutation: You have a pair of small antennae on your
                  | head. [potion of mutation]
  4128 | D:5      | Gained mutation: You occasionally shout uncontrollably at
                  | your foes. [potion of mutation]
  4128 | D:5      | Gained mutation: You possess an exceptional clarity of
                  | mind. [potion of mutation]
  4664 | D:5      | Reached skill level 5 in Unarmed Combat
  4924 | D:6      | Slain by an ice beast

Illustrated notes

Levels and vault maps discovered:
D:1:      dpeg_chamrin_arrival_tetris, layout_loops_corners, minmay_crystal_room
D:2:      layout_basic
D:3:      layout_rooms, worldfamousw_hep_ancestral_shrine
D:4:      layout_loops_cross, minivault_23, uniq_blork_the_orc
D:5:      layout_rooms, nicolae_uskayaw_dance_hall, nicolae_ossuary_entry_ruins,
          chequers_avenue
D:6:      minmay_inner_zag, layout_gridville, nicolae_gozag_zags_fifth_avenue,
          gammafunk_temple_overflow_elements, minmay_temple_entry_junction_2,
          chequers_serial_rivers_room_a, uniq_jeremiah, uniq_menkaure

Skill      XL: |  1  2  3  4  5  6  7 |
---------------+----------------------+-----
Stealth        | 2 3 5 6 8 |  8.2
Unarmed Combat | 4 5 |  5.1
Fighting       | 4 |  4.6
Dodging        | 4 |  4.1

Action                     |  1- 3 |  4- 6 |  7- 9 || total
---------------------------+-------+-------+-------++-------
  Melee: Unarmed           |    60 |   170 |   100 ||   330
         Constrict         |    20 |    40 |    15 ||    75
         Tentacles         |    11 |    41 |    36 ||    88
         Punch             |     3 |     9 |     8 ||    20
    Use: Scroll            |     6 |     4 |     4 ||    14
         Potion            |     2 |     4 |     5 ||    11
   Stab: Sleeping          |    13 |    14 |     5 ||    32
 Armour: Skin              |    20 |    79 |    54 ||   153
  Dodge: Dodged            |    42 |   120 |    83 ||   245

Table legend: (Time is in decaauts)
 A = Elapsed time spent in this place.
 B = Non-inter-level travel time spent in this place.
 C = Inter-level travel time spent in this place.
 D = Time resting spent in this place.
 E = Time spent auto-exploring this place.
 F = Levels seen in this place.
 G = Mean time per level.
                   A        B        C        D        E       F      G
               +--------+--------+--------+--------+--------+-----+--------+
         Total |   4863 |   4696 |    167 |    886 |   2990 |   7 |  694.7 |
       Dungeon |   3980 |   3813 |    167 |    472 |   2730 |   6 |  663.3 |
       Ossuary |    883 |    883 |      0 |    414 |    260 |   1 |  883.0 |
               +--------+--------+--------+--------+--------+-----+--------+

Top non-repeatable levels by time:
     D:1: 1017 daAuts
 Ossuary: 883 daAuts
     D:5: 855 daAuts
     D:3: 699 daAuts
     D:2: 691 daAuts
     D:4: 656 daAuts
     D:6: 59 daAuts
